 Dungeon Crawl Stone Soup version 0.31-a0-233-g139696dc86 (webtiles) character file.

Game seed: 988232823005135938

17255 qw the Marksminotaur (level 12, -10/106 HPs)
             Began as a Minotaur Hexslinger on July 8, 2023.
             Was a High Priest of Okawaru.
             Mangled by a dire elephant (12 damage)
             ... on level 2 of the Lair of Beasts.
             The game lasted 00:03:11 (9304 turns).

qw the Marksminotaur (Minotaur Hexslinger)          Turns: 9304, Time: 00:03:12

Health: -10/106    AC: 12    Str: 13    XL:     12   Next: 17%
Magic:  17/18      EV: 24    Int: 10    God:    Okawaru [*****.]
Gold:   533        SH:  0    Dex: 18    Spells: 12/13 levels left

rFire   . . .        c - +2 triple crossbow (heavy)
rCold   . . .        (shield currently unavailable)
rNeg    . . .        d - +3 leather armour
rPois   .            (helmet restricted)
rElec   .            h - +1 cloak {Will+}
rCorr   .            b - +0 pair of gloves
SInv    +            o - +0 pair of boots
Will    +....        (no amulet)
Stlth   +++          i - +5 ring of evasion
HPRegen 0.37/turn    q - ring of see invisible
MPRegen 0.16/turn

%: no passive effects
@: about to teleport, heroic
A: horns 2, retaliatory headbutt
a: Renounce Religion, Heroism, Finesse, Duel


You were on level 2 of the Lair of Beasts.
You worshipped Okawaru.
Okawaru was extremely pleased with you.
You visited 3 branches of the dungeon, and saw 11 of its levels.
You also visited: Ossuary.

You collected 533 gold pieces.


Innate Abilities, Weirdness & Mutations

You have a pair of horns on your head.
You reflexively headbutt those who attack you in melee.


   Skills:
 - Level 10.0(15.0) Fighting
 + Level 15.4(20.4) Ranged Weapons
 - Level 4.0(9.0) Armour
 - Level 7.0(12.0) Dodging
 - Level 1.0 Spellcasting
 - Level 2.0 Hexes
 + Level 9.3 Invocations


You had 12 spell levels left.
You knew the following spells:

 Your Spells              Type           Power      Damage    Failure   Level
a - Slow                  Hex            16%        N/A       19%         1

Your spell library contained the following spells:

 Spells                   Type           Power      Damage    Failure   Level
 Inner Flame              Hex/Fire       2%         N/A       63%         3
 Portal Projectile        Hex/Tloc       4%         N/A       63%         3
 Cause Fear               Hex            2%         N/A       88%         4

Inventory:

Hand Weapons
 c - a +2 heavy triple crossbow (weapon)
Armour
 b - a +0 pair of gloves (worn)
 d - a +3 leather armour (worn)
 h - a +1 cloak of willpower (worn)
 o - a +0 pair of boots (worn)
Jewellery
 a - a ring of fire
 i - a +5 ring of evasion (left hand)
 q - a ring of see invisible (right hand)
 Y - a ring of willpower
Scrolls
 f - 8 scrolls of identify
Potions
 g - 2 potions of mutation
 k - 4 potions of curing
 l - 2 potions of magic
 m - 4 potions of haste
 n - a potion of might
 p - a potion of cancellation
 r - a potion of resistance

Dungeon Overview and Level Annotations

Branches:
Dungeon (8/15)             Temple (1/1) D:6            Lair (2/5) D:8
Ossuary (visited)
  Swamp: Lair:2-3    Shoals: Lair:2-3     Snake: Lair:2-3    Spider: Lair:2-3

Altars:
Ashenzari
Cheibriados
Dithmenos
Elyvilon
Fedhas
Gozag
Kikubaaqudgha
Makhleb
Nemelex Xobeh
Okawaru
Qazlal
Ru
Trog
Uskayaw
Vehumet
Wu Jian
Xom
Yredelemnul
Zin
The Shining One

Annotations:
D:8 2 transporters, qw's ghost, novice MiHs


Message History

The dire elephant tramples you but does no damage.
The dire elephant trunk-slaps you but does no damage.
The wolf moves out of view.
You shoot a bolt. The bolt hits the elephant!!!
You kill the elephant!
Okawaru accepts your kill. The wolf completely misses you.
The wolf closely misses you. You furiously retaliate!
You headbutt the wolf. The wolf closely misses you.
A spriggan comes into view. It is wielding a +0 rapier.
An elephant comes into view.
The dire elephant tramples you!!
You stumble backwards!
The wolf bites you but does no damage. The dire elephant misses you.
You furiously retaliate!
You headbutt the dire elephant.
The dire elephant completely misses you.
You shoot a bolt.
The bolt hits the dire elephant but does no damage.
The dire elephant is moderately wounded.
The wolf barely misses you. The wolf closely misses you.
You furiously retaliate!
You headbutt the wolf. The wolf completely misses you. You furiously retaliate!
You headbutt the wolf. The wolf bites you but does no damage.
The dire elephant tramples you!!
You hold your ground!
The dire elephant trunk-slaps you. The wolf misses you.
The wolf completely misses you.
You shoot a bolt.
The bolt hits the dire elephant but does no damage.
The dire elephant is moderately wounded.
The wolf bites you. The wolf completely misses you. You furiously retaliate!
You headbutt the wolf! The wolf completely misses you. You furiously retaliate!
You headbutt the wolf. The wolf misses you. The dire elephant misses you.
The dire elephant trunk-slaps you but does no damage.
The wolf completely misses you. The wolf misses you.
The dire elephant tramples you!!
You hold your ground!
The dire elephant completely misses you.
9304 ||| READING scroll of teleportation.
As you read the scroll of teleportation, it crumbles to dust.
You feel strangely unstable. The wolf completely misses you.
An elephant comes into view.
The dire elephant tramples you!
You die...

........777777....7777
.#...............Y......
%#..............%... ...
................... ....
.#.......)..............
##....###.#.....Y##...#.
#..##...##......h#h...(.
#.............hYih.#
#.#....#...#>...@####
###.####.#....##
#..####......##
##.....#....#..#
###.#...%.%.....##
..............#.#
####..###..#....#
#####....#.#.#
###......#


You could see a dire elephant, 2 elephants, a spriggan and 4 wolves.

Vanquished Creatures
  A hydra (Lair:2)
  A catoblepas (Lair:1)
  A lindwurm (Lair:2)
  Pikel (D:7)
  10 elephants (Lair:2)
  Maurice (D:8)
  A rime drake (Lair:2)
  3 cane toads
  Maggie (D:8)
  6 komodo dragons
  2 hornets (D:7)
  A queen bee (Lair:1)
  A polar bear (Lair:1)
  5 blink frogs (Lair:1)
  7 yaks
  2 wyverns
  4 humans (D:8)
  Eustachio (D:6)
  A steam dragon (D:5)
  4 water moccasins
  An orc warrior (D:8)
  2 sky beasts (D:7)
  3 black bears
  5 wolves (Lair:1)
  A centaur (D:5)
  2 lemures (D:7)
  A kobold brigand (D:6)
  6 bullfrogs
  A gnoll sergeant (D:7)
  8 scorpions
  26 killer bees
  2 howler monkeys
  An electric eel (Lair:2)
  3 centaur zombies (Ossuary)
  3 hounds
  2 orc priests (D:4)
  3 jellies
  A gnoll bouda (D:8)
  5 human zombies (Ossuary)
  6 scorpion zombies (Ossuary)
  2 sleepcaps
  2 iguanas
  4 orc wizards
  3 mummies (Ossuary)
  9 gnolls
  4 adders
  3 shadow imps
  2 white imps
  3 worms
  A dart slug (D:2)
  21 orcs
  6 bats
  6 endoplasms
  3 giant cockroaches
  4 gnoll zombies (Ossuary)
  2 goblins
  8 hobgoblins
  9 quokkas
  4 ball pythons
  3 frilled lizards
  A hobgoblin zombie (Ossuary)
  16 kobolds
  2 kobold zombies (Ossuary)
  3 orc zombies (Ossuary)
  A rat (D:2)
258 creatures vanquished.

Notes
Turn   | Place    | Note
-------+----------+-------------------------------------------
     0 | D:1      | qw the Minotaur Hexslinger began the quest for the Orb.
     0 | D:1      | Reached XP level 1. HP: 16/16 MP: 1/1
     0 | D:1      | 0 ||| qw: Version: 0.3-a-46-gb1f654a
     0 | D:1      | 0 ||| qw: Game counter: 3373
     0 | D:1      | 0 ||| qw: Melee chars always use a shield: true
     0 | D:1      | 0 ||| qw: God list: Okawaru
     0 | D:1      | 0 ||| qw: Allow faded altars: false
     0 | D:1      | 0 ||| qw: Do Orc after clearing Dungeon:15 true
     0 | D:1      | 0 ||| qw: Do second Lair branch before Depths: true
     0 | D:1      | 0 ||| qw: Lair rune preference: random
     0 | D:1      | 0 ||| qw: Goals: Normal
     0 | D:1      | 0 ||| PLANNING D:1-11
   125 | D:1      | Reached skill level 3 in Ranged Weapons
   125 | D:1      | Reached XP level 2. HP: 23/23 MP: 2/2
   649 | D:1      | 649 ||| UPGRADING to +0 ring mail.
   659 | D:1      | 659 ||| DROPPING +0 robe.
   660 | D:1      | 660 ||| READING scroll labelled FAASKU VYNE.
   706 | D:1      | 706 ||| READING scroll labelled SUOTHR DUOTYCO.
   707 | D:1      | 707 ||| READING scroll labelled JAIZAI AGGU.
   711 | D:1      | 711 ||| READING 2 scrolls labelled GEUTHRI OGHEWU.
   712 | D:1      | 712 ||| READING 2 scrolls labelled DUBLAM MILY.
   713 | D:1      | 713 ||| READING scroll of brand weapon.
   713 | D:1      | 713 ||| BRANDING +1 sling of flaming.
   714 | D:1      | 714 ||| DROPPING scroll of poison.
   715 | D:1      | 715 ||| DROPPING scroll of noise.
   772 | D:2      | 772 ||| READING scroll of brand weapon.
   772 | D:2      | 772 ||| BRANDING +1 sling of draining.
   809 | D:2      | Reached XP level 3. HP: 29/29 MP: 3/3
  1334 | D:2      | 1334 ||| UPGRADING to +0 pair of gloves.
  1339 | D:2      | 1339 ||| READING scroll labelled GOILEMOLAS.
  1340 | D:2      | 1340 ||| DRINKING 2 silvery potions.
  1341 | D:2      | 1341 ||| DROPPING potion of attraction.
  1429 | D:3      | Reached skill level 4 in Ranged Weapons
  1433 | D:3      | 1433 ||| FLEEEEING.
  1434 | D:3      | 1434 ||| FLEEEEING.
  1435 | D:3      | 1435 ||| FLEEEEING.
  1436 | D:3      | 1436 ||| FLEEEEING.
  1437 | D:3      | 1437 ||| FLEEEEING.
  1438 | D:3      | 1438 ||| FLEEEEING.
  1474 | D:3      | Found an opulent altar of Gozag.
  1482 | D:3      | Reached skill level 1 in Armour
  2138 | D:3      | 2138 ||| UPGRADING to +5 ring of evasion.
  2139 | D:3      | 2139 ||| READING scroll labelled POBUCI DEJO.
  2140 | D:3      | 2140 ||| READING scroll labelled AQEADA DAE.
  2140 | D:3      | Identified a scroll of acquirement
  2140 | D:3      | 2140 ||| ACQUIRING +2 heavy triple crossbow
  2140 | D:3      | Acquired a +2 heavy triple crossbow
  2142 | D:3      | 2142 ||| SWAPPING to +2 heavy triple crossbow.
  2143 | D:3      | 2143 ||| DROPPING +1 sling of freezing.
  2184 | D:4      | Reached XP level 4. HP: 36/36 MP: 4/4
  2186 | D:4      | 2186 ||| STAIRDANCE
  2211 | D:4      | Noticed a bullfrog
  2213 | D:4      | Killed a bullfrog
  2214 | D:4      | Reached skill level 5 in Ranged Weapons
  2214 | D:4      | Reached XP level 5. HP: 41/41 MP: 5/5
  2243 | D:4      | Reached skill level 3 in Fighting
  2352 | D:4      | Reached skill level 6 in Ranged Weapons
  2388 | D:4      | Reached XP level 6. HP: 26/52 MP: 6/6
  2723 | D:4      | 2723 ||| DROPPING amulet of magic regeneration.
  2724 | D:4      | 2724 ||| DROPPING ring of wizardry.
  2725 | D:4      | 2725 ||| READING 2 scrolls labelled NEGHON OVVAUL.
  2726 | D:4      | 2726 ||| READING scroll labelled XIGGEB ERYIG.
  2727 | D:4      | 2727 ||| READING 2 scrolls of identify.
  2727 | D:4      | 2727 ||| IDENTIFYING purple potion
  2728 | D:4      | 2728 ||| DROPPING scroll of immolation.
  2748 | D:5      | Entered Level 5 of the Dungeon
  3257 | D:5      | Noticed a steam dragon
  3258 | D:5      | 3258 ||| Stepping ~*~*~tactically~*~*~ (cloud).
  3260 | D:5      | 3260 ||| Stepping ~*~*~tactically~*~*~ (cloud).
  3264 | D:5      | HP: 8/52 [steam dragon] (6)]
  3264 | D:5      | HP: 2/52 [steam dragon (7)]
  3265 | D:5      | 3265 ||| READING 3 scrolls of teleportation.
  3266 | D:5      | Killed a steam dragon
  3267 | D:5      | Reached skill level 7 in Ranged Weapons
  3267 | D:5      | Reached XP level 7. HP: 4/59 MP: 7/7
  3459 | D:5      | Found a sacrificial altar of Ru.
  3638 | D:5      | HP: 11/59 [centaur/arrow (8)]
  3639 | D:5      | 3639 ||| READING 3 scrolls of teleportation.
  3641 | D:5      | Reached skill level 8 in Ranged Weapons
  4080 | D:5      | 4080 ||| READING scroll labelled ECAESOKET.
  4081 | D:5      | 4081 ||| READING scroll labelled VIMNA KAHYK.
  4082 | D:5      | 4082 ||| DRINKING 2 emerald potions.
  4083 | D:5      | 4083 ||| DRINKING 3 inky potions.
  4270 | D:6      | Found a stormy altar of Qazlal.
  4332 | D:6      | Found a snail-covered altar of Cheibriados.
  4352 | D:6      | Found a glowing golden altar of the Shining One.
  4352 | D:6      | Found a glowing silver altar of Zin.
  4352 | D:6      | Found a white marble altar of Elyvilon.
  4378 | D:6      | Found a staircase to the Ecumenical Temple.
  4379 | D:6      | 4379 ||| PLANNING TEMPLE
  4387 | Temple   | Entered the Ecumenical Temple
  4388 | Temple   | 4388 ||| PLANNING OKAWARU WORSHIP
  4755 | Temple   | Became a worshipper of Warmaster Okawaru
  4756 | Temple   | 4756 ||| PLANNING D:1-11
  5014 | D:6      | 5014 ||| Stepping ~*~*~tactically~*~*~ (outnumbered).
  5017 | D:6      | 5017 ||| Stepping ~*~*~tactically~*~*~ (outnumbered).
  5049 | D:6      | Reached XP level 8. HP: 68/68 MP: 8/8
  5278 | D:6      | Noticed Eustachio
  5279 | D:6      | Killed Eustachio
  5280 | D:6      | Reached skill level 9 in Ranged Weapons
  5620 | D:6      | 5620 ||| UPGRADING to +3 leather armour.
  5630 | D:6      | 5630 ||| DROPPING +0 ring mail.
  5631 | D:6      | 5631 ||| READING 4 scrolls of identify.
  5631 | D:6      | 5631 ||| IDENTIFYING fuming emerald potion
  5632 | D:6      | 5632 ||| READING 3 scrolls of identify.
  5632 | D:6      | 5632 ||| IDENTIFYING bubbling white potion
  5633 | D:6      | 5633 ||| READING 2 scrolls of identify.
  5633 | D:6      | 5633 ||| IDENTIFYING bubbling orange potion
  5634 | D:6      | 5634 ||| DROPPING potion of lignification.
  5678 | D:7      | Reached * piety under Okawaru
  5679 | D:7      | Reached skill level 3 in Dodging
  5686 | D:7      | Noticed a hornet
  5689 | D:7      | Killed a hornet
  5828 | D:7      | 5828 ||| Stepping ~*~*~tactically~*~*~ (outnumbered).
  5831 | D:7      | Reached skill level 6 in Fighting
  5835 | D:7      | 5835 ||| INVOKING Heroism.
  5952 | D:7      | Reached skill level 3 in Invocations
  6019 | D:7      | Noticed Pikel
  6020 | D:7      | 6020 ||| INVOKING Heroism.
  6023 | D:7      | Killed Pikel
  6024 | D:7      | Reached skill level 10 in Ranged Weapons
  6024 | D:7      | Reached XP level 9. HP: 48/75 MP: 7/11
  6039 | D:7      | 6039 ||| INVOKING Heroism.
  6041 | D:7      | Reached ** piety under Okawaru
  6156 | D:7      | 6156 ||| INVOKING Heroism.
  6453 | D:7      | 6453 ||| DROPPING ring of flight.
  6478 | D:8      | Noticed Maurice
  6479 | D:8      | 6479 ||| PLANNING OSSUARY
  6480 | D:8      | Killed Maurice
  6481 | D:8      | 6481 ||| STAIRDANCE
  6545 | D:8      | 6545 ||| INVOKING Heroism.
  6546 | D:8      | 6546 ||| Stepping ~*~*~tactically~*~*~ (outnumbered).
  6613 | D:8      | Noticed a queen bee
  6621 | D:8      | Reached skill level 11 in Ranged Weapons
  6622 | D:8      | 6622 ||| FLEEEEING.
  6632 | D:8      | 6632 ||| FLEEEEING.
  6633 | D:8      | 6633 ||| FLEEEEING.
  6634 | D:8      | 6634 ||| FLEEEEING.
  6635 | D:8      | 6635 ||| FLEEEEING.
  6636 | D:8      | 6636 ||| FLEEEEING.
  6637 | D:8      | 6637 ||| FLEEEEING.
  6645 | D:8      | 6645 ||| FLEEEEING.
  6804 | D:8      | Noticed Maggie
  6806 | D:8      | Killed Maggie
  6889 | D:8      | Found a sand-covered staircase.
  6890 | D:8      | 6890 ||| UPGRADING to +1 cloak of willpower.
  6895 | D:8      | 6895 ||| READING 2 scrolls of identify.
  6895 | D:8      | 6895 ||| IDENTIFYING metallic ruby potion
  6901 | Ossuary  | Entered an ossuary
  6930 | Ossuary  | Reached *** piety under Okawaru
  6931 | Ossuary  | Reached XP level 10. HP: 88/88 MP: 12/12
  6963 | Ossuary  | Reached skill level 12 in Ranged Weapons
  7034 | Ossuary  | 7034 ||| FLEEEEING.
  7038 | Ossuary  | 7038 ||| FLEEEEING.
  7039 | Ossuary  | 7039 ||| FLEEEEING.
  7040 | Ossuary  | 7040 ||| FLEEEEING.
  7211 | Ossuary  | 7211 ||| UPGRADING to ring of willpower.
  7212 | Ossuary  | 7212 ||| READING scroll labelled WOESAU VUHONK.
  7213 | Ossuary  | 7213 ||| READING scroll labelled MUDAMOWYBLO.
  7214 | Ossuary  | 7214 ||| READING scroll labelled EVYUFA TUSI.
  7315 | Ossuary  | 7315 ||| READING scroll labelled KATREGGAST.
  7316 | Ossuary  | 7316 ||| DRINKING 2 pink potions.
  7317 | Ossuary  | 7317 ||| READING 5 scrolls of identify.
  7317 | Ossuary  | 7317 ||| IDENTIFYING metallic brown potion
  7318 | Ossuary  | 7318 ||| READING 4 scrolls of identify.
  7318 | Ossuary  | 7318 ||| IDENTIFYING fizzy blue potion
  7319 | Ossuary  | 7319 ||| DROPPING potion of brilliance.
  7320 | Ossuary  | 7320 ||| DROPPING potion of invisibility.
  7360 | D:8      | 7360 ||| PLANNING D:1-11
  7472 | D:8      | 7472 ||| INVOKING Heroism.
  7478 | D:8      | Reached skill level 13 in Ranged Weapons
  7648 | D:8      | Found a transporter.
  7653 | D:8      | Found a transporter.
  7656 | D:8      | Noticed qw's ghost (novice MiHs)
  7705 | D:8      | 7705 ||| INVOKING Heroism.
  7708 | D:8      | 7708 ||| Stepping ~*~*~tactically~*~*~ (outnumbered).
  7927 | D:8      | Reached skill level 9 in Fighting
  7934 | D:8      | Found a staircase to the Lair.
  7936 | D:8      | 7936 ||| PLANNING LAIR
  7936 | D:8      | 7936 ||| UPGRADING to +0 pair of boots.
  7945 | Lair:1   | Entered Level 1 of the Lair of Beasts
  7946 | Lair:1   | 7946 ||| INVOKING Heroism.
  8006 | Lair:1   | 8006 ||| INVOKING Heroism.
  8009 | Lair:1   | Reached skill level 6 in Dodging
  8018 | Lair:1   | Reached **** piety under Okawaru
  8062 | Lair:1   | Noticed a cane toad
  8063 | Lair:1   | 8063 ||| INVOKING Heroism.
  8064 | Lair:1   | Killed a cane toad
  8077 | Lair:1   | 8077 ||| INVOKING Heroism.
  8079 | Lair:1   | Reached XP level 11. HP: 96/97 MP: 10/13
  8128 | Lair:1   | 8128 ||| INVOKING Heroism.
  8130 | Lair:1   | Reached skill level 14 in Ranged Weapons
  8244 | Lair:1   | 8244 ||| INVOKING Heroism.
  8248 | Lair:1   | Reached skill level 6 in Invocations
  8272 | Lair:1   | 8272 ||| INVOKING Heroism.
  8276 | Lair:1   | HP: 23/99 [killer bee (7)]
  8277 | Lair:1   | 8277 ||| READING 3 scrolls of teleportation.
  8277 | Lair:1   | HP: 10/99 [killer bee (7)]
  8278 | Lair:1   | 8278 ||| DRINKING 2 potions of heal wounds.
  8279 | Lair:1   | Noticed a catoblepas
  8281 | Lair:1   | 8281 ||| INVOKING Heroism.
  8282 | Lair:1   | 8282 ||| Stepping ~*~*~tactically~*~*~ (cloud).
  8282 | Lair:1   | HP: 13/99 [catoblepas (13)]
  8283 | Lair:1   | 8283 ||| READING 2 scrolls of teleportation.
  8284 | Lair:1   | 8284 ||| DRINKING potion of heal wounds.
  8285 | Lair:1   | 8285 ||| Stepping ~*~*~tactically~*~*~ (cloud).
  8393 | Lair:1   | 8393 ||| INVOKING Heroism.
  8456 | Lair:1   | 8456 ||| INVOKING Heroism.
  8458 | Lair:1   | 8458 ||| Stepping ~*~*~tactically~*~*~ (cloud).
  8460 | Lair:1   | 8460 ||| Stepping ~*~*~tactically~*~*~ (cloud).
  8463 | Lair:1   | 8463 ||| Stepping ~*~*~tactically~*~*~ (cloud).
  8464 | Lair:1   | 8464 ||| Stepping ~*~*~tactically~*~*~ (cloud).
  8465 | Lair:1   | Killed a catoblepas
  8561 | Lair:1   | 8561 ||| INVOKING Heroism.
  8814 | Lair:1   | 8814 ||| UPGRADING to ring of see invisible.
  8816 | Lair:1   | 8816 ||| READING 7 scrolls of identify.
  8816 | Lair:1   | 8816 ||| IDENTIFYING green potion
  8820 | Lair:2   | 8820 ||| INVOKING Heroism.
  9001 | Lair:2   | Noticed a five-headed hydra
  9002 | Lair:2   | 9002 ||| INVOKING Heroism.
  9008 | Lair:2   | Killed a five-headed hydra
  9009 | Lair:2   | Reached skill level 15 in Ranged Weapons
  9218 | Lair:2   | Noticed a lindwurm
  9219 | Lair:2   | 9219 ||| INVOKING Heroism.
  9221 | Lair:2   | Killed a lindwurm
  9239 | Lair:2   | Reached XP level 12. HP: 106/106 MP: 17/17
  9263 | Lair:2   | Reached ***** piety under Okawaru
  9265 | Lair:2   | Reached skill level 9 in Invocations
  9294 | Lair:2   | 9294 ||| INVOKING Heroism.
  9296 | Lair:2   | Noticed a dire elephant
  9303 | Lair:2   | HP: 1/106 [dire elephant (29)]
  9304 | Lair:2   | 9304 ||| READING scroll of teleportation.
  9304 | Lair:2   | Mangled by a dire elephant

Levels and vault maps discovered:
D:1:      onia_arrival_pentagram, layout_loops_ring
D:2:      layout_rooms, serial_forest, infiniplex_forest_end_double,
          infiniplex_forest_pool, infiniplex_forest_straight_2,
          infiniplex_forest_lined_3, infiniplex_forest_diagonal,
          infiniplex_forest_clump_curved, infiniplex_forest_straight_3,
          infiniplex_forest_straight_2
D:3:      layout_basic, mainiacjoe_overflow_brackets, kennysheep_donut,
          nicolae_hexahallways
D:4:      layout_cave_pools
D:5:      layout_basic, nicolae_ru_awakened_eye
D:6:      layout_basic, good_gods_mini_temple,
          mainiacjoe_overflow_catch_the_wave, minmay_temple_entry_sparse_star,
          serial_curves, eino_curves_04, eino_curves_02, eino_curves_03,
          uniq_eustachio
D:7:      layout_loops_ring, serial_rivers, chequers_serial_rivers_small_b,
          chequers_serial_rivers_small_b, chequers_serial_rivers_small_a,
          chequers_serial_rivers_large_b, uniq_pikel
D:8:      layout_loops_ring, lair_entry_dummy, enter_ossuary_2,
          gammafunk_ghost_hive, minmay_ruffians, uniq_maurice, uniq_maggie
Temple:   compressed_dpeg_triangle_lava_temple
Lair:1:   layout_hall_layers, special_room [special_room_bee],
          infiniplex_staircase_pool_2, lemuel_fruit_fields
Lair:2:   mu_elephants_graveyard, layout_loops_ring, palyth_hydra_swamp_entry,
          basic_altar, infiniplex_staircase_pool, lemuel_fruit_tree

Skill      XL: |  1  2  3  4  5  6  7  8  9 10 11 12 |
---------------+-------------------------------------+-----
Ranged Weapons | 3 4 5 6 7 8 10 11 13 15 | 15.4
Fighting       | 2 3 4 5 6 8 9 10 | 10.0
Armour         | 1 2 4 |  4.0
Dodging        | 3 5 6 7 |  7.0
Invocations    | 4 5 8 9 |  9.3
Spellcasting   | |  1.0
Hexes          | |  2.0

Action                     |  1- 3 |  4- 6 |  7- 9 | 10-12 || total
---------------------------+-------+-------+-------+-------++-------
   Fire: Sling             |   131 |       |       |       ||   131
         Triple crossbow   |     1 |    58 |   125 |   206 ||   390
 Invoke: Heroism           |       |       |     5 |    17 ||    22
    Use: Scroll            |    10 |     4 |     7 |    10 ||    31
         Potion            |     1 |       |     2 |     3 ||     6
 Armour: Ring mail         |    11 |    26 |     6 |       ||    43
         Robe              |     2 |       |       |       ||     2
         Leather armour    |       |       |    14 |    78 ||    92
  Dodge: Dodged            |    23 |    82 |    64 |   314 ||   483

Table legend:
 A = Non-vault XP
 B = Vault XP
 C = Vault XP percentage of total XP
 D = Non-vault monster count
 E = Vault monster count
 F = Vault count percentage of total count
                 A         B        C        D         E       F
            +---------+---------+-------+---------+---------+-------
      Total |   14489 |   10161 |  41.2 |     180 |      76 |  29.7
            +---------+---------+-------+---------+---------+-------
        D:1 |      35 |       0 |   0.0 |      19 |       0 |   0.0
        D:2 |      24 |       0 |   0.0 |      12 |       0 |   0.0
        D:3 |      32 |       0 |   0.0 |      13 |       0 |   0.0
        D:4 |     359 |       0 |   0.0 |      24 |       0 |   0.0
        D:5 |     457 |       0 |   0.0 |      10 |       0 |   0.0
        D:6 |     574 |     188 |  24.7 |      18 |       1 |   5.3
        D:7 |    1402 |     607 |  30.2 |      20 |       1 |   4.8
        D:8 |    1699 |    1578 |  48.2 |      28 |       6 |  17.6
     Lair:1 |    6512 |    1714 |  20.8 |      27 |      24 |  47.1
     Lair:2 |    3395 |    4861 |  58.9 |       9 |      10 |  52.6
    Ossuary |       0 |    1213 | 100.0 |       0 |      34 | 100.0
            +---------+---------+-------+---------+---------+-------
